 Dungeon Crawl Stone Soup version 0.31.0-32-g396128a36d (webtiles) character file.

Game seed: 7912227201569466620

1656 Peloso the Carver (level 8, -3/71 HPs)
             Began as a Minotaur Fighter on Mar 21, 2024.
             Succumbed to a hornet's poison
             ... on level 5 of the Dungeon.
             The game lasted 00:09:36 (4207 turns).

Peloso the Carver (Minotaur Fighter)                Turns: 4207, Time: 00:09:36

Health: -3/71      AC: 15    Str: 20    XL:     8   Next: 68%
Magic:  7/7        EV:  9    Int:  5    God:
Gold:   168        SH:  5    Dex: 13    Spells: 7/7 levels left

rFire   . . .        a - +0 long sword
rCold   . . .        d - +0 buckler
rNeg    . . .        f - +0 chain mail
rPois   .            c - +1 hat
rElec   .            l - +0 cloak
rCorr   .            t - +1 pair of gloves
SInv    .            (no boots)
Will    .....        (no amulet) Stlth
                     (no ring)
HPRegen 0.31/turn    (no ring)
MPRegen 0.10/turn

%: no passive effects
@: lethally poisoned (-3 -> -18), slowed, very slow
A: horns 2, retaliatory headbutt
a: no special abilities


You were on level 5 of the Dungeon.
You visited 1 branch of the dungeon, and saw 5 of its levels.
You also visited: Ossuary.

You collected 202 gold pieces.
You spent 34 gold pieces at shops.

Inventory:

Hand Weapons
 a - a +0 long sword (weapon)
Armour
 b - a +0 scale mail
 c - a +1 hat (worn)
 d - a +0 buckler (worn)
 f - a +0 chain mail (worn)
 l - a +0 cloak (worn)
 t - a +1 pair of gloves (worn)
Jewellery
 u - a ring of wizardry
Talismans
 v - a blade talisman
Scrolls
 e - 2 scrolls of identify
 h - a scroll of immolation {unknown}
 i - 2 scrolls of teleportation
 k - a scroll of enchant armour
 o - a scroll of poison {unknown}
 q - a scroll of blinking
 r - 2 scrolls of butterflies {unknown}
 w - a scroll of fog {unknown}
Potions
 g - a potion of resistance
 j - a potion of brilliance
 n - 2 potions of curing
 p - a potion of haste
 s - a potion of heal wounds


   Skills:
 + Level 6.5 Fighting
 + Level 8.7 Long Blades
 + Level 7.2 Armour
 + Level 3.5 Dodging
 + Level 0.4 Stealth
 + Level 5.5 Shields


You had 7 spell levels left.
You didn't know any spells.
Your spell library contained the following spells:

 Spells                   Type           Power      Damage    Failure   Level
 Call Imp                 Summ           0%         N/A       99%         2
 Tukima's Dance           Hex            0%         N/A       100%        3
 Passage of Golubria      Tloc           0%         N/A       100%        4
 Yara's Violent Unravell  Hex/Alch       0%         3d3       100%        5
 Summon Horrible Things   Summ           0%         N/A       100%        8
 Dragon's Call            Summ           0%         N/A       100%        9


Dungeon Overview and Level Annotations

Branches:
Dungeon (5/15)            Ossuary (visited)
 Temple: D:4-7

Altars:
Qazlal
Zin

Shops:
D:1 ?*


Innate Abilities, Weirdness & Mutations

You have a pair of horns on your head.
You reflexively headbutt those who attack you in melee.


Message History

You hit the hornet but do no damage. Your headbutt misses the hornet.
The hornet is lightly wounded.
You feel sick. You block the hornet's attack. x2
You completely miss the hornet. Your headbutt misses the hornet.
The hornet is lightly wounded.
You feel sick. The hornet stings you.
You are more poisoned.
You suddenly lose the ability to move!
The hornet stings you but does no damage. x2
You feel very sick. The hornet stings you.
You feel as though you will be slow longer.
You can move again.
You closely miss the hornet. You headbutt the hornet!
The hornet is heavily wounded.
You feel very sick. You block the hornet's attack.
The hornet stings you but does no damage.
Unknown command.
You hit the hornet but do no damage. You headbutt the hornet.
The hornet is heavily wounded.
You feel very sick. The hornet stings you!
* * * LOW HITPOINT WARNING * * *
You feel as though you will be slow longer.
The hornet stings you!
* * * LOW HITPOINT WARNING * * *
You feel as though you will be slow longer.
You closely miss the hornet.
The hornet is heavily wounded.
You feel sick.
The hornet stings you but does no damage.
The hornet stings you.
* * * LOW HITPOINT WARNING * * *
You are more poisoned.
You feel as though you will be slow longer.
The hornet closely misses you.
You closely miss the hornet. You headbutt the hornet.
The hornet is severely wounded.
You die...

# #.#######
....... #....#
+....+
#....#########
#.............
#........#####
#...@y.......#
#####.#+#......
#.#.# .....
####'#.# ....
#......# ...
#......# ..
#......# .
#......#
#....).####+


You could see a hornet.

Vanquished Creatures
  Sigmund (D:2)
  Menkaure (D:5)
  A black bear (D:4)
  3 phantoms (D:4)
  A weeping skull (Ossuary)
  3 scorpions
  5 water moccasin zombies (Ossuary)
  A bombardier beetle (D:3)
  A jelly (D:5)
  An orc priest (D:4)
  A spectral scorpion (Ossuary)
  2 scorpion zombies (D:4)
  2 orc wizards (D:4)
  2 crocodile zombies (Ossuary)
  2 hound zombies (D:4)
  A hound skeleton (D:4)
  2 mummies (Ossuary)
  Robin (D:2)
  3 gnolls (D:4)
  5 adders
  5 adder zombies
  4 dart slugs
  3 ribbon worms (D:2)
  7 orcs
  5 bats
  9 endoplasms
  3 giant cockroaches
  11 gnoll zombies (Ossuary)
  11 goblins
  13 hobgoblins
  7 kobolds
  5 quokkas
  9 ball pythons
  2 frilled lizards
  3 jackal zombies (Ossuary)
  3 orc zombies (Ossuary)
  A quokka skeleton (D:4)
  6 rats
146 creatures vanquished.

Notes
Turn   | Place    | Note
-------+----------+-------------------------------------------
     0 | D:1      | Peloso the Minotaur Fighter began the quest for the Orb.
     0 | D:1      | Reached XP level 1. HP: 19/19 MP: 0/0
   223 | D:1      | Reached XP level 2. HP: 27/27 MP: 1/1
   480 | D:1      | Found The Oracle's Delphic Readings.
   527 | D:1      | Found Tomokih's General Store.
   535 | D:1      | Bought a scroll of identify for 20 gold pieces
   568 | D:1      | Bought a scroll of noise for 14 gold pieces
   762 | D:2      | Reached XP level 3. HP: 28/33 MP: 2/2
   921 | D:2      | Reached skill level 3 in Long Blades
  1015 | D:2      | Got the Folio of the Legion
  1054 | D:2      | Identified the +2 helmet "Yffezourud" {rF++ Will+ Str+2}
  1054 | D:2      | Noticed Robin
  1065 | D:2      | Reached XP level 4. HP: 38/40 MP: 3/3
  1091 | D:2      | Killed Robin
  1092 | D:2      | Reached skill level 1 in Dodging
  1483 | D:2      | Noticed Sigmund
  1503 | D:2      | You fall into a shaft and drop 2 floors!
  1509 | D:4      | Noticed a scorpion
  1509 | D:4      | Noticed a phantom
  1510 | D:4      | Noticed a phantom
  1527 | D:4      | Killed a scorpion
  1528 | D:4      | Reached skill level 4 in Long Blades
  1528 | D:4      | Reached skill level 5 in Armour
  1528 | D:4      | Reached XP level 5. HP: 24/47 MP: 4/4
  1531 | D:4      | Killed a phantom
  1538 | D:4      | Killed a phantom
  1539 | D:4      | Reached XP level 6. HP: 24/53 MP: 5/5
  1544 | D:4      | Reached skill level 5 in Long Blades
  1595 | D:4      | Found a sand-covered staircase.
  1606 | Ossuary  | Entered an ossuary
  1762 | Ossuary  | Reached XP level 7. HP: 54/60 MP: 6/6
  1808 | Ossuary  | Reached skill level 5 in Fighting
  1841 | Ossuary  | Reached skill level 6 in Long Blades
  1985 | Ossuary  | Reached skill level 7 in Long Blades
  2351 | D:3      | Found a glowing silver altar of Zin.
  2424 | D:3      | Reached skill level 5 in Shields
  2972 | D:2      | Killed Sigmund
  2973 | D:2      | Reached XP level 8. HP: 70/70 MP: 7/7
  3261 | D:4      | Reached skill level 8 in Long Blades
  3629 | D:4      | Found a stormy altar of Qazlal.
  3712 | D:5      | Entered Level 5 of the Dungeon
  3712 | D:5      | Noticed Menkaure
  3715 | D:5      | Identified the +2 helmet of Birdsong {Dex+3}
  4030 | D:5      | Killed Menkaure
  4191 | D:5      | Noticed a hornet
  4202 | D:5      | Paralysed by a hornet for 2 turns
  4206 | D:5      | HP: 1/71 [hornet (6)]
  4207 | D:5      | Succumbed to a hornet's poison

Illustrated notes

Levels and vault maps discovered:
D:1:      dpeg_chamrin_arrival_tetris, layout_basic, serial_shops, shop,
          nicolae_nh_oracle_at_delphi
D:2:      layout_rooms, grunt_ministairs_2, nicolae_the_louvre, uniq_robin,
          uniq_sigmund
D:3:      layout_basic, mainiacjoe_overflow_surrounded_room,
          serial_bayou_lagoon_b
D:4:      layout_loops_ring, kennysheep_mini, serial_undead, serial_undead_f,
          serial_undead_d, serial_undead_d, serial_undead_b,
          nicolae_ossuary_entry_monument, nicolae_concentric_dashed_squares_mild
D:5:      layout_basic, saegor_snake_ambush, uniq_menkaure

Skill      XL: |  1  2  3  4  5  6  7  8 |
---------------+-------------------------+-----
Armour         | 4 5 6 7 |  7.2
Fighting       | 4 5 6 |  6.5
Shields        | 4 5 |  5.5
Long Blades    | 3 4 5 7 8 |  8.7
Dodging        | 1 2 3 |  3.5
Stealth        | |  0.4

Action                     |  1- 3 |  4- 6 |  7- 9 || total
---------------------------+-------+-------+-------++-------
  Melee: Long sword        |   104 |    87 |   280 ||   471
         Headbutt          |    21 |    22 |    57 ||   100
    Use: Potion            |     1 |     1 |       ||     2
         Scroll            |       |       |    12 ||    12
 Armour: Scale mail        |    77 |    70 |    63 ||   210
         Chain mail        |       |       |   108 ||   108
  Dodge: Dodged            |    55 |    54 |   105 ||   214
  Block: Buckler           |    35 |    15 |    47 ||    97
